 Dungeon Crawl Stone Soup version 0.31-a0-431-g88bdf31460 (webtiles) character file.

Game seed: 17326855286203509361

4729 randomguy2701 the Cleaver (level 10, 0/84 HPs)
             Began as a Minotaur Fighter on July 31, 2023.
             Was a Priest of Okawaru.
             Killed from afar by a steam dragon (17 damage)
             ... with a ball of steam
             ... on level 9 of the Dungeon.
             The game lasted 00:10:54 (9650 turns).

randomguy2701 the Cleaver (Minotaur Fighter)        Turns: 9650, Time: 00:10:54

Health: 0/84       AC: 13    Str: 22    XL:     10   Next: 22%
Magic:  12/12      EV:  7    Int:  5    God:    Okawaru [***...]
Gold:   720        SH: 16    Dex: 13    Spells: 9/9 levels left

rFire   . . .        a - +0 war axe
rCold   + . .        k - +0 tower shield
rNeg    . . .        G - +0 chain mail {rC+}
rPois   .            (helmet restricted)
rElec   .            (no cloak)
rCorr   .            (no gloves)
SInv    +            u - +1 pair of boots
Will    .....        (no amulet) Stlth
                     m - ring of flight
HPRegen 0.34/turn    p - ring of see invisible
MPRegen 0.13/turn

%: no passive effects
@: flying
A: horns 2, retaliatory headbutt
a: Renounce Religion, Heroism


You were on level 9 of the Dungeon.
You worshipped Okawaru.
Okawaru was most pleased with you.
You visited 2 branches of the dungeon, and saw 10 of its levels.

You collected 720 gold pieces.

Inventory:

Hand Weapons
 a - a +0 war axe (weapon)
Armour
 c - a +0 buckler
 k - a +0 tower shield (worn)
 u - a +1 pair of boots (worn)
 G - a +0 chain mail of cold resistance (worn)
Jewellery
 m - a ring of flight (left hand)
 p - a ring of see invisible (right hand)
Wands
 E - a wand of polymorph (12)
 F - a wand of light (12)
Scrolls
 g - 3 scrolls of identify
 i - a scroll of enchant armour {unknown}
 j - 2 scrolls of vulnerability {unknown}
 o - 7 scrolls of teleportation {unknown}
 q - a scroll of poison {unknown}
 r - 3 scrolls of immolation {unknown}
 v - a scroll of fear {unknown}
 w - a scroll of fog {unknown}
 x - 2 scrolls of amnesia {unknown}
 y - 4 scrolls of revelation {unknown}
 B - a scroll of blinking {unknown}
 C - a scroll of enchant weapon {unknown}
 D - a scroll of summoning {unknown}
Potions
 b - a potion of cancellation {unknown}
 d - 2 potions of might
 e - 3 potions of degeneration {unknown}
 f - 2 potions of brilliance
 h - 3 potions of heal wounds
 l - 2 potions of lignification {unknown}
 n - 2 potions of curing
 s - a potion of haste {unknown}
 t - 2 potions of resistance
 z - 3 potions of enlightenment {unknown}
 A - 2 potions of mutation {unknown}


   Skills:
 + Level 6.9 Fighting
 + Level 10.2 Axes
 + Level 8.5 Armour
 + Level 3.3 Dodging
 + Level 1.1 Stealth
 + Level 9.9 Shields
 * Level 4.3 Invocations


You had 9 spell levels left.
You didn't know any spells.
Your spell library contained the following spells:

 Spells                   Type           Power      Damage    Failure   Level
 Freeze                   Ice            0%         1d3       100%        1
 Magic Dart               Conj           0%         1d3       100%        1
 Slow                     Hex            0%         N/A       100%        1
 Cigotuvi's Dreadful Rot  Necr/Pois/Air  0%         N/A       100%        2
 Static Discharge         Conj/Air       0%         2-2/arc   100%        2
 Confusing Touch          Hex            0%         N/A       100%        3
 Frozen Ramparts          Ice            0%         1d1       100%        3
 Hailstorm                Conj/Ice       0%         3d3       100%        3
 Mephitic Cloud           Conj/Pois/Air  0%         N/A       100%        3
 Vampiric Draining        Necr           0%         2d6       100%        3
 Vhi's Electric Charge    Tloc/Air       0%         N/A       100%        3
 Volatile Blastmotes      Fire/Tloc      0%         2d10      100%        3
 Airstrike                Air            0%         2d(0-16)  100%        4
 Dispel Undead            Necr           0%         3d6       100%        4
 Arcjolt                  Conj/Air       0%         1d10      100%        5
 Plasma Beam              Fire/Air       0%         2x1d10    100%        6
 Starburst                Conj/Fire      0%         6d3       100%        6
 Orb of Destruction       Conj           0%         9d5       100%        7
 Fire Storm               Conj/Fire      0%         5d1       100%        9
 Call Imp                 Summ           Unusable   N/A       N/A         2
 Summon Guardian Golem    Hex/Summ       Unusable   N/A       N/A         3
 Summon Lightning Spire   Summ/Air       Unusable   N/A       N/A         4
 Death Channel            Necr           Unusable   N/A       N/A         6
 Spellforged Servitor     Conj/Summ      Unusable   N/A       N/A         7

Dungeon Overview and Level Annotations

Branches:
Dungeon (9/15)             Temple (1/1) D:6            Lair (0/5) D:9
    Orc: D:9-12

Altars:
Ashenzari
Cheibriados
Dithmenos
Elyvilon
Fedhas
Gozag
Hepliaklqana
Kikubaaqudgha
Makhleb
Nemelex Xobeh
Okawaru
Qazlal
Ru
Sif Muna
Trog
Uskayaw
Vehumet
Wu Jian
Xom
Yredelemnul
Zin
The Shining One

Shops:
D:1 :!*   D:3 [   D:7 :

Annotations:
D:3 1 runed translucent door, Crazy Yiuf
D:6 1 runed translucent door, hashsling's ghost, novice GrFi


Innate Abilities, Weirdness & Mutations

You have a pair of horns on your head.
You reflexively headbutt those who attack you in melee.


Message History

You feel sick.
The kobold brigand hits you with a +0 dagger.
You completely miss the kobold brigand.
The kobold brigand is heavily wounded.
You barely miss the kobold.
You feel sick. You block the kobold brigand's attack.
You block the kobold's attack.
You slash the kobold brigand! You headbutt the kobold brigand.
The kobold brigand is almost dead.
You barely miss the kobold.
You feel sick. The kobold brigand misses you. You block the kobold's attack.
You hit the kobold brigand but do no damage.
You headbutt the kobold brigand, but do no damage.
The kobold brigand is almost dead.
You miss the kobold.
You feel sick. You block the kobold brigand's attack.
The kobold hits you but does no damage.
You hit the kobold brigand.
The kobold brigand is almost dead.
You hit the kobold.
You kill the kobold!
You feel sick.
The kobold brigand completely misses you.
You furiously retaliate!
You headbutt the kobold brigand.
You kill the kobold brigand!
Okawaru accepts your kill.
You feel sick.
You feel sick.
You feel sick.
You are no longer poisoned.
You feel like a meek peon again.
The kobold throws a stone.
You block the stone. The steam dragon breathes steam at you.
The ball of steam hits you.
* * * LOW HITPOINT WARNING * * *
You hear a bellow!
The steam dragon breathes steam at you. The ball of steam hits you!
* * * LOW HITPOINT WARNING * * *
The steam dragon breathes steam at you. The ball of steam hits you!
You die...

#...#...........#####...
....#.###.....K.# ###K
.....#. #..#..#.# ##.§
......+.###..#D...#####...
##+#..##...........##.....K
#..#...................#
#..#..>..§............#.
#....§............#.#
#...@............#.#.
#...............#)#)#
.........#######..#.#.#.
..#......# #...#.#.#
.........# #....#.#.
####.....# ##....#.#
#.....# #.....#. #.....#
#......#


There were no monsters in sight!

Vanquished Creatures
  Erica (D:9)
  A two-headed ogre (D:9)
  Joseph (D:7)
  Sigmund (D:3)
  A shadow (D:8)
  4 steam dragons
  2 water moccasins
  3 orc warriors
  An ice beast (D:6)
  An ogre (D:4)
  A phantom (D:3)
  3 kobold brigands
  A gnoll sergeant (D:5)
  3 scorpions
  5 bullfrogs
  3 howler monkeys
  An electric eel (D:6)
  A crimson imp (D:5)
  3 hounds
  2 jellies
  6 orc priests
  An iron imp (D:6)
  An iguana (D:4)
  A sleepcap (D:5)
  4 orc wizards
  3 gnolls (D:5)
  7 adders
  2 white imps
  An ufetubus (D:6)
  2 worms
  2 dart slugs
  24 orcs
  3 endoplasms
  3 giant cockroaches
  7 goblins
  6 hobgoblins
  17 kobolds
  3 quokkas
  6 ball pythons
  5 bats
  6 frilled lizards
  8 rats
157 creatures vanquished.

Vanquished Creatures (others)
  An orc (D:8)
  A kobold (D:9)
2 creatures vanquished.

Grand Total: 159 creatures vanquished

Notes
Turn   | Place    | Note
-------+----------+-------------------------------------------
     0 | D:1      | randomguy2701 the Minotaur Fighter began the quest for the
                  | Orb.
     0 | D:1      | Reached XP level 1. HP: 19/19 MP: 0/0
   114 | D:1      | Found Vepniv's Distillery.
   255 | D:1      | Reached XP level 2. HP: 27/27 MP: 1/1
   316 | D:1      | Found a faded altar of an unknown god.
   385 | D:1      | Found Meyreruc's Book Emporium.
   474 | D:1      | Found Yriamuh's General Store.
  1197 | D:2      | Reached XP level 3. HP: 29/33 MP: 2/2
  1459 | D:2      | Reached skill level 3 in Axes
  1671 | D:3      | Found Vumosapo's Armour Boutique.
  1751 | D:3      | Found a runed translucent door.
  1752 | D:3      | Noticed Crazy Yiuf
  1885 | D:3      | Reached XP level 4. HP: 40/40 MP: 3/3
  2008 | D:3      | Reached skill level 4 in Axes
  2008 | D:3      | Reached XP level 5. HP: 25/46 MP: 4/4
  2109 | D:3      | Noticed a phantom
  2115 | D:3      | Killed a phantom
  2116 | D:3      | Reached skill level 1 in Dodging
  2193 | D:3      | Reached skill level 5 in Armour
  2199 | D:3      | Reached skill level 5 in Shields
  2577 | D:3      | Noticed Sigmund
  2590 | D:3      | Killed Sigmund
  2591 | D:3      | Reached skill level 5 in Axes
  2591 | D:3      | Reached XP level 6. HP: 11/53 MP: 5/5
  3235 | D:4      | You fall into a shaft and drop 2 floors!
  3249 | D:6      | Reached XP level 7. HP: 56/60 MP: 6/6
  3289 | D:6      | Reached skill level 6 in Axes
  3360 | D:6      | Found a snail-covered altar of Cheibriados.
  3405 | D:6      | Found a glowing golden altar of the Shining One.
  3407 | D:6      | Noticed an angel
  3690 | D:6      | Found a staircase to the Ecumenical Temple.
  3702 | Temple   | Entered the Ecumenical Temple
  3712 | Temple   | Became a worshipper of Warmaster Okawaru
  3743 | D:5      | Entered Level 5 of the Dungeon
  3929 | D:5      | Reached XP level 8. HP: 28/67 MP: 7/7
  4205 | D:5      | Got the Vademecum on the Burn
  4260 | D:5      | Reached skill level 5 in Fighting
  4325 | D:5      | Reached skill level 7 in Axes
  4484 | D:5      | Found a blossoming altar of Fedhas.
  4516 | D:5      | Found a burning altar of Makhleb.
  5118 | D:4      | Found an opulent altar of Gozag.
  5777 | D:6      | Found a runed translucent door.
  5777 | D:6      | Found a shimmering altar of Xom.
  5777 | D:6      | Noticed a +0 dagger of chaos
  5777 | D:6      | Noticed hashsling's ghost (novice GrFi)
  5789 | D:6      | Reached * piety under Okawaru
  5967 | D:6      | Found a shimmering blue altar of Sif Muna.
  6178 | D:6      | Found a basalt altar of Yredelemnul.
  6180 | D:6      | Noticed a profane servitor
  6355 | D:7      | Found Pagh's Book Emporium.
  6360 | D:7      | Noticed Joseph
  6564 | D:7      | Killed Joseph
  6565 | D:7      | Reached skill level 8 in Axes
  6565 | D:7      | Reached skill level 1 in Stealth
  6775 | D:7      | Reached skill level 1 in Invocations
  6984 | D:7      | Reached XP level 9. HP: 57/74 MP: 7/9
  7257 | D:7      | Found a shadowy altar of Dithmenos.
  7604 | D:7      | Found an ancient bone altar of Kikubaaqudgha.
  8138 | D:8      | Reached skill level 9 in Axes
  8147 | D:8      | Reached ** piety under Okawaru
  8600 | D:8      | Found a hide-covered altar of Uskayaw.
  9135 | D:9      | Found a sacrificial altar of Ru.
  9271 | D:9      | Found an ornate altar of the Wu Jian Council.
  9312 | D:9      | Noticed a two-headed ogre
  9327 | D:9      | Killed a two-headed ogre
  9327 | D:9      | Reached *** piety under Okawaru
  9328 | D:9      | Reached XP level 10. HP: 11/84 MP: 9/11
  9549 | D:9      | Found a hazy altar of Hepliaklqana.
  9580 | D:9      | Found a staircase to the Lair.
  9607 | D:9      | Noticed Erica
  9622 | D:9      | Killed Erica
  9623 | D:9      | Reached skill level 10 in Axes
  9650 | D:9      | Killed from afar by a steam dragon

Illustrated notes

Levels and vault maps discovered:
D:1:      minmay_arrival_arboretum_small, layout_loops_corners,
          dilly_ecumenical_altar_fadedgnrine, serial_forest,
          infiniplex_forest_clump_long, infiniplex_forest_end_3,
          infiniplex_forest_corner_1, infiniplex_forest_lined_2,
          infiniplex_forest_fountain, infiniplex_forest_lined_3,
          infiniplex_forest_clump_diagonal, infiniplex_forest_end_2,
          infiniplex_forest_end_double, infiniplex_forest_clump_medium,
          serial_shops, nicolae_shop_advertising_works
          [nicolae_subvault_shop_adworks], nicolae_shop_stone,
          nicolae_diamond_shop
D:2:      layout_rooms
D:3:      minmay_angry_zag, layout_loops_corners, serial_shops, shop,
          hangedman_decor_push, uniq_sigmund, uniq_crazy_yiuf_cottage
D:4:      layout_basic, mainiacjoe_overflow_boulevard, dk_noncrumbling_3
D:5:      layout_basic, mainiacjoe_overflow_two_lobes, gup_sewer_entry_bowl,
          st_stairs_12, minmay_fire_ice_demons
D:6:      layout_basic, grunt_temple_overflow_holy_war, slow_altar_2,
          nicolae_sif_muna_condensation, minmay_temple_entry_proselytizer,
          ebering_ghost_xom, minmay_misc_feat_tower, kennysheep_big_empty_room
D:7:      kennysheep_spiral_hall, layout_basic, mainiacjoe_overflow_catwalk,
          mainiacjoe_overflow_paths, minmay_shop_grid_forest, uniq_joseph
D:8:      layout_basic, old_standard_altar
D:9:      minmay_klotski, layout_stronghold, mainiacjoe_overflow_brackets,
          worldfamousw_hep_ancestral_shrine, lemuel_crystal_altar,
          lair_entry_dummy, minmay_crystal_water, nicolae_the_louvre,
          uniq_erica, uniq_prince_ribbit1
Temple:   hellmonk_temple_rainy

Skill      XL: |  1  2  3  4  5  6  7  8  9 10 |
---------------+-------------------------------+-----
Shields        | 4 5 6 8 9 |  9.9
Fighting       | 4 5 6 |  6.9
Armour         | 4 5 6 7 8 |  8.5
Axes           | 3 4 5 6 8 9 10 | 10.2
Dodging        | 1 2 3 |  3.3
Stealth        | 1 |  1.1
Invocations    | 1 3 4 |  4.3

Action                     |  1- 3 |  4- 6 |  7- 9 | 10-12 || total
---------------------------+-------+-------+-------+-------++-------
  Melee: War axe           |    79 |    86 |   353 |    17 ||   535
         Headbutt          |     5 |    21 |    52 |     5 ||    83
 Invoke: Heroism           |       |       |     1 |     1 ||     2
    Use: Scroll            |       |       |     4 |       ||     4
 Armour: Scale mail        |    41 |    22 |       |       ||    63
         Chain mail        |       |     5 |   129 |     3 ||   137
  Dodge: Dodged            |    28 |    17 |    73 |     6 ||   124
  Block: Buckler           |     7 |       |       |       ||     7
         Tower shield      |    50 |    67 |   305 |    12 ||   434

Table legend: (Time is in decaauts)
 A = Elapsed time spent in this place.
 B = Non-inter-level travel time spent in this place.
 C = Inter-level travel time spent in this place.
 D = Time resting spent in this place.
 E = Time spent auto-exploring this place.
 F = Levels seen in this place.
 G = Mean time per level.
                   A        B        C        D        E       F      G
               +--------+--------+--------+--------+--------+-----+--------+
         Total |   9866 |   9317 |    549 |      0 |   7950 |  10 |  986.6 |
       Dungeon |   9845 |   9306 |    539 |      0 |   7950 |   9 | 1093.9 |
        Temple |     20 |     10 |     10 |      0 |      0 |   1 |   20.0 |
               +--------+--------+--------+--------+--------+-----+--------+

Top non-repeatable levels by time:
     D:3: 1545 daAuts
     D:6: 1523 daAuts
     D:7: 1390 daAuts
     D:1: 1301 daAuts
     D:5: 1284 daAuts
     D:8: 1074 daAuts
     D:4: 671 daAuts
     D:9: 544 daAuts
     D:2: 509 daAuts
  Temple: 20 daAuts
